 Dungeon Crawl Stone Soup version 0.26-a0-610-g3e9335bbc7 (webtiles) character file.

Game seed: 17155069378317017

8594 Gargoyl the Fighter (level 11, -9/89 HPs)
             Began as a Gnoll Abyssal Knight on Sept 4, 2020.
             Was an Elder of Lugonu.
             Mangled by a komodo dragon (17 damage)
             ... on level 1 of the Lair of Beasts.
             The game lasted 00:13:31 (11682 turns).

Gargoyl the Fighter (Gnoll Abyssal Knight)         Turns: 11682, Time: 00:13:32

Health: -9/89      AC: 24    Str: 19    XL:     11   Next: 33%
Magic:  20/20      EV:  9    Int: 14    God:    Lugonu [****..]
Gold:   646        SH:  0    Dex: 14    Spells: 22/22 levels left

rFire    . . .     SeeInvis .   h - +3 war axe
rCold    . . .     Faith    .   (no shield)
rNeg     . . .     Spirit   .   i - +0 plate armour
rPois    +         Reflect  .   (no helmet)
rElec    .         Harm     .   A - +1 cloak
rCorr    .                      y - +1 pair of gloves
MR       .....                  f - +1 pair of boots
Stlth    ..........             (no amulet)
HPRegen  0.24/turn              c - +4 ring of protection
MPRegen  0.17/turn              u - ring of poison resistance

@: lethally poisoned (-9 -> -10)
A: distributed training, fangs 1, strong nose
a: Depart the Abyss, Bend Space, Banish, Corrupt, Renounce Religion


You were on level 1 of the Lair of Beasts.
You worshipped Lugonu.
Lugonu was greatly pleased with you.
You visited 2 branches of the dungeon, and saw 11 of its levels.
You visited the Abyss 1 time.
You also visited: Sewer.

You collected 646 gold pieces.

Inventory:

Hand Weapons
 a - a +2 hand axe
 h - a +3 war axe (weapon)
Armour
 f - a +1 pair of boots (worn)
 i - a +0 plate armour (worn)
 y - a +1 pair of gloves (worn)
 A - a +1 cloak (worn)
Jewellery
 c - a +4 ring of protection (left hand)
 q - an uncursed ring of positive energy
 s - an uncursed ring of protection from fire
 u - a ring of poison resistance (right hand)
 B - a cursed ring of protection from fire
Wands
 b - a wand of flame (22)
 z - a wand of random effects (8)
 C - a wand of digging (4)
Scrolls
 g - 3 scrolls of identify
 j - 6 scrolls of remove curse
 o - 2 scrolls of magic mapping
 v - 2 scrolls of blinking
 x - a scroll of fear {unknown}
 D - a scroll of fog
 E - a scroll of enchant armour
Potions
 d - 8 potions of flight
 e - a potion of haste {unknown}
 k - 2 potions of ambrosia {unknown}
 l - 3 potions of heal wounds
 m - a potion of resistance
 n - 6 potions of curing
 p - a potion of cancellation
 r - a potion of invisibility
 t - 3 potions of stabbing
 w - a potion of berserk rage


   Skills:
 + Level 9.1 Fighting
 + Level 6.2 Short Blades
 + Level 6.2 Long Blades
 + Level 7.8 Axes
 + Level 6.2 Maces & Flails
 + Level 6.2 Polearms
 + Level 6.2 Staves
 + Level 6.2 Slings
 + Level 6.2 Bows
 + Level 6.2 Crossbows
 + Level 6.2 Throwing
 + Level 7.8 Armour
 + Level 6.7 Dodging
 + Level 6.2 Stealth
 + Level 6.2 Shields
 + Level 6.2 Unarmed Combat
 + Level 6.2 Spellcasting
 + Level 5.1 Conjurations
 + Level 5.1 Hexes
 + Level 5.1 Summonings
 + Level 5.1 Necromancy
 + Level 5.1 Translocations
 + Level 5.1 Transmutations
 + Level 5.1 Fire Magic
 + Level 5.1 Ice Magic
 + Level 5.1 Air Magic
 + Level 5.1 Earth Magic
 + Level 5.1 Poison Magic
 + Level 8.3 Invocations
 + Level 6.2 Evocations


You had 22 spell levels left.
You didn't know any spells.
Your spell library contained the following spells:

 Spells                   Type           Power        Failure   Level
 Magic Dart               Conj           ###.         41%         1
 Shock                    Conj/Air       ###.         41%         1
 Searing Ray              Conj           ###...       54%         2
 Swiftness                Air            ###.....     54%         2
 Dazzling Flash           Conj/Hex       ###...       78%         3
 Static Discharge         Conj/Air       ###.....     78%         3
 Airstrike                Air            ###.......   99%         4
 Fulminant Prism          Conj/Hex       ###.......   99%         4
 Iskenderun's Mystic Bla  Conj/Tloc      ###.....     99%         4
 Lightning Bolt           Conj/Air       ###.......   100%        5


Dungeon Overview and Level Annotations

Branches:
Dungeon (9/15)             Temple (0/1) D:4            Lair (2/6) D:8
 Spider (0/4) Lair:2        Sewer (visited)
  Swamp: Lair:2-4    Shoals: Lair:2-4       Orc: D:9-12

Altars:
Elyvilon
Fedhas
Makhleb
Sif Muna
Trog
Vehumet
Xom
Zin

Shops:
D:6 :

Annotations:
Lair:2 exclusion: oklob plant


Innate Abilities, Weirdness & Mutations

Your experience applies equally to all skills.
You have very sharp teeth.
Your uncanny sense of smell can sniff out nearby items.


Message History

The water moccasin closely misses you.
Unknown command.
You feel sick.
The water moccasin bites you but does no damage.
The water moccasin barely misses you.
You feel sick.
The water moccasin bites you but does no damage.
You feel sick.
The water moccasin bites you but does no damage.
There is a stone staircase leading up here.
The water moccasin barely misses you. The komodo dragon bites you!!
* * * LOW HITPOINT WARNING * * *
You climb upwards.
* * * LOW HITPOINT WARNING * * *
You feel sick.
There is a stone staircase leading down here.
You feel much better. The water moccasin bites you.
* * * LOW HITPOINT WARNING * * *
The komodo dragon bites you!
You die...

...# #...............## ...#
#...............P# ...#
#................# ...##########
#................# #####.......#
#...............## # #.......#
#................# ## #.......#
#...............##
.####.......#######............##
###....###.###.S@l.##..........P#
# #....# ##.#........#.........##
#....# #.....8....##........#
#....####.....###...##.......#
#.#....#...###..##....#......#
###...#...##.######..........# #
#...#....#...........##....#
#####.....................'....#
#P##..#8.....8..>..8.....8#....#


You could see a komodo dragon and a water moccasin.

Vanquished Creatures
  A black mamba (Lair:2)
  A cane toad (Lair:1)
  2 komodo dragons
  A hippogriff (Lair:1)
  12 yaks
  A basilisk (Lair:2)
  A steam dragon (D:8)
  3 porcupines
  2 water moccasins (Lair:2)
  3 orc warriors
  2 sky beasts
  An ice beast (D:6)
  3 ogres
  A black bear (Lair:1)
  A phantom (D:4)
  A necrophage (D:8)
  A centaur (D:5)
  2 crocodiles
  2 big kobolds
  10 bullfrogs
  4 scorpions
  3 howler monkeys
  2 centaur zombies
  A crimson imp (D:3)
  2 bullfrog skeletons
  2 orc priests
  6 hounds
  4 orc wizards
  A centaur skeleton (D:7)
  5 iguanas
  6 worker ants
  A killer bee zombie (D:6)
  A hound zombie (D:8)
  A worker ant zombie (D:7)
  9 adders
  3 river rats (Sewer)
  A white imp (D:6)
  4 ufetubi (D:8)
  3 oozes
  An adder skeleton (D:4)
  8 worms
  7 dart slugs
  5 leopard geckos
  15 orcs
  6 giant cockroaches
  11 goblins
  6 hobgoblins
  11 jackals
  22 kobolds
  4 quokkas
  6 ball pythons
  9 bats
  6 frilled lizards
  A leopard gecko skeleton (D:4)
  A quokka skeleton (D:5)
  14 rats
243 creatures vanquished.

Vanquished Creatures (others)
  4 fungi
  24 plants
28 creatures vanquished.

Grand Total: 271 creatures vanquished

Notes
Turn   | Place    | Note
-------+----------+-------------------------------------------
     0 | Abyss:1  | Gargoyl the Gnoll Abyssal Knight began the quest for the
                  | Orb.
     0 | Abyss:1  | Reached XP level 1. HP: 23/23 MP: 3/3
    61 | Abyss:2  | Noticed a blink frog
    61 | Abyss:2  | Noticed a blink frog
    69 | D:1      | Escaped the Abyss
   113 | D:1      | Reached XP level 2. HP: 16/29 MP: 5/5
   388 | D:1      | Reached * piety under Lugonu
   404 | D:1      | Reached XP level 3. HP: 35/35 MP: 6/6
   939 | D:2      | Reached skill level 1 in Short Blades
   939 | D:2      | Reached skill level 1 in Long Blades
   939 | D:2      | Reached skill level 1 in Maces & Flails
   939 | D:2      | Reached skill level 1 in Polearms
   939 | D:2      | Reached skill level 1 in Staves
   939 | D:2      | Reached skill level 1 in Slings
   939 | D:2      | Reached skill level 1 in Bows
   939 | D:2      | Reached skill level 1 in Crossbows
   939 | D:2      | Reached skill level 1 in Throwing
   939 | D:2      | Reached skill level 1 in Stealth
   939 | D:2      | Reached skill level 1 in Shields
   939 | D:2      | Reached skill level 1 in Unarmed Combat
   939 | D:2      | Reached skill level 1 in Spellcasting
   939 | D:2      | Reached skill level 1 in Evocations
   970 | D:2      | Reached XP level 4. HP: 20/41 MP: 7/7
  1090 | D:2      | Reached ** piety under Lugonu
  1101 | D:2      | Reached skill level 1 in Conjurations
  1101 | D:2      | Reached skill level 1 in Hexes
  1101 | D:2      | Reached skill level 1 in Summonings
  1101 | D:2      | Reached skill level 1 in Necromancy
  1101 | D:2      | Reached skill level 1 in Translocations
  1101 | D:2      | Reached skill level 1 in Transmutations
  1101 | D:2      | Reached skill level 1 in Fire Magic
  1101 | D:2      | Reached skill level 1 in Ice Magic
  1101 | D:2      | Reached skill level 1 in Air Magic
  1101 | D:2      | Reached skill level 1 in Earth Magic
  1101 | D:2      | Reached skill level 1 in Poison Magic
  1558 | D:2      | Reached XP level 5. HP: 47/47 MP: 8/8
  1704 | D:2      | Found a glowing silver altar of Zin.
  2076 | D:3      | Found a radiant altar of Vehumet.
  2076 | D:3      | Found a burning altar of Makhleb.
  2147 | D:3      | Reached skill level 5 in Invocations
  2157 | D:3      | Reached *** piety under Lugonu
  2157 | D:3      | Reached XP level 6. HP: 45/53 MP: 9/9
  2655 | D:4      | Reached skill level 5 in Axes
  2655 | D:4      | Reached skill level 5 in Armour
  2675 | D:4      | Found a shimmering altar of Xom.
  2676 | D:4      | Found a shimmering altar of Xom.
  2677 | D:4      | Found a shimmering altar of Xom.
  2679 | D:4      | Found a shimmering altar of Xom.
  2680 | D:4      | Found a shimmering altar of Xom.
  2680 | D:4      | Found a shimmering altar of Xom.
  2681 | D:4      | Found a shimmering altar of Xom.
  2803 | D:4      | Reached XP level 7. HP: 45/59 MP: 10/10
  2987 | D:4      | Found a staircase to the Ecumenical Temple.
  3073 | D:4      | Reached skill level 7 in Fighting
  3374 | D:4      | Found a white marble altar of Elyvilon.
  3777 | D:4      | Reached XP level 8. HP: 58/67 MP: 12/12
  3895 | D:5      | Entered Level 5 of the Dungeon
  3902 | D:5      | Found a blossoming altar of Fedhas.
  4202 | D:5      | Found a bloodstained altar of Trog.
  4848 | D:6      | Found Huyd's Book Boutique.
  4961 | D:6      | Reached **** piety under Lugonu
  5184 | D:6      | Found a glowing drain.
  5195 | Sewer    | Entered a sewer
  5405 | Sewer    | Found a white marble altar of Elyvilon.
  5522 | D:6      | Reached XP level 9. HP: 72/72 MP: 14/14
  6207 | D:7      | Found a shimmering blue altar of Sif Muna.
  6469 | D:7      | Reached skill level 5 in Dodging
  7083 | D:8      | Reached skill level 8 in Fighting
  7214 | D:8      | Found a staircase to the Lair.
  7298 | D:8      | Noticed a two-headed ogre
  7317 | D:8      | Banished a two-headed ogre
  7317 | D:8      | Reached XP level 10. HP: 14/80 MP: 15/17
  7805 | D:8      | Reached skill level 5 in Short Blades
  7805 | D:8      | Reached skill level 5 in Long Blades
  7805 | D:8      | Reached skill level 5 in Maces & Flails
  7805 | D:8      | Reached skill level 5 in Polearms
  7805 | D:8      | Reached skill level 5 in Staves
  7805 | D:8      | Reached skill level 5 in Slings
  7805 | D:8      | Reached skill level 5 in Bows
  7805 | D:8      | Reached skill level 5 in Crossbows
  7805 | D:8      | Reached skill level 5 in Throwing
  7805 | D:8      | Reached skill level 5 in Stealth
  7805 | D:8      | Reached skill level 5 in Shields
  7805 | D:8      | Reached skill level 5 in Unarmed Combat
  7805 | D:8      | Reached skill level 5 in Spellcasting
  7805 | D:8      | Reached skill level 5 in Evocations
  8216 | Lair:1   | Entered Level 1 of the Lair of Beasts
  8632 | Lair:1   | Noticed a cane toad
  8643 | Lair:1   | Killed a cane toad
 10138 | Lair:2   | Noticed a black mamba
 10156 | Lair:2   | Killed a black mamba
 10469 | Lair:2   | Reached XP level 11. HP: 16/87 MP: 19/19
 10807 | Lair:2   | Reached skill level 9 in Fighting
 10843 | Lair:2   | Noticed an oklob plant
 10901 | Lair:2   | Reached skill level 5 in Conjurations
 10901 | Lair:2   | Reached skill level 5 in Hexes
 10901 | Lair:2   | Reached skill level 5 in Summonings
 10901 | Lair:2   | Reached skill level 5 in Necromancy
 10901 | Lair:2   | Reached skill level 5 in Translocations
 10901 | Lair:2   | Reached skill level 5 in Transmutations
 10901 | Lair:2   | Reached skill level 5 in Fire Magic
 10901 | Lair:2   | Reached skill level 5 in Ice Magic
 10901 | Lair:2   | Reached skill level 5 in Air Magic
 10901 | Lair:2   | Reached skill level 5 in Earth Magic
 10901 | Lair:2   | Reached skill level 5 in Poison Magic
 11450 | Lair:2   | Found a hole to the Spider Nest.
 11680 | Lair:2   | HP: 2/89 [komodo dragon (20)]
 11682 | Lair:1   | Mangled by a komodo dragon

Illustrated notes

Levels and vault maps discovered:
D:1:      dpeg_arrival_solitude, layout_basic, palyth_stone_intersect
D:2:      layout_basic, zin_treasury, st_stairs_12, grunt_ministairs_15,
          small_statue_intersection, minivault_23
D:3:      layout_loops_ring, grunt_temple_overflow_lords_of_destruction,
          serial_bayou_ford_a, minmay_quantized
D:4:      minmay_razor_zed, layout_cave_pools, elyvilon_altar_5,
          minmay_temple_entry_slanted, hangedman_abyss_or_decor_stagger,
          nicolae_xom_altar_mimics
D:5:      layout_loops_ring, nicolae_overflow_crystal_walls,
          fedhas_bush_and_centaur_altar
D:6:      layout_basic, serial_shops, nicolae_shop_stone, portal_sewer_entry_a,
          hangedman_decor_riveting
D:7:      layout_loops_ring, basic_altar
D:8:      minmay_general_purpose_star, layout_cave_pools
D:9:      layout_basic
Lair:1:   layout_cellular_growth, chequers_serial_rivers_micro_c,
          grunt_megastairs_5, infiniplex_staircase_pool
Lair:2:   layout_chaotic_city, nicolae_spider_entry_non_spiders, serial_rivers,
          chequers_serial_rivers_micro_a, chequers_serial_rivers_micro_c,
          chequers_serial_rivers_room_a, chequers_serial_rivers_micro_b,
          grunt_megastairs_4, lemuel_fruit_fields, serial_bayou_shore_a,
          minmay_lair_oklob_chamber

Skill      XL: |  1  2  3  4  5  6  7  8  9 10 11 |
---------------+----------------------------------+-----
Short Blades   | 1 2 3 4 5 6 |  6.2
Long Blades    | 1 2 3 4 5 6 |  6.2
Maces & Flails | 1 2 3 4 5 6 |  6.2
Polearms       | 1 2 3 4 5 6 |  6.2
Staves         | 1 2 3 4 5 6 |  6.2
Slings         | 1 2 3 4 5 6 |  6.2
Bows           | 1 2 3 4 5 6 |  6.2
Crossbows      | 1 2 3 4 5 6 |  6.2
Throwing       | 1 2 3 4 5 6 |  6.2
Stealth        | 1 2 3 4 5 6 |  6.2
Shields        | 1 2 3 4 5 6 |  6.2
Unarmed Combat | 1 2 3 4 5 6 |  6.2
Spellcasting   | 1 2 3 4 5 6 |  6.2
Evocations     | 1 2 3 4 5 6 |  6.2
Conjurations   | 1 2 3 4 5 |  5.1
Hexes          | 1 2 3 4 5 |  5.1
Summonings     | 1 2 3 4 5 |  5.1
Necromancy     | 1 2 3 4 5 |  5.1
Translocations | 1 2 3 4 5 |  5.1
Transmutations | 1 2 3 4 5 |  5.1
Fire Magic     | 1 2 3 4 5 |  5.1
Ice Magic      | 1 2 3 4 5 |  5.1
Air Magic      | 1 2 3 4 5 |  5.1
Earth Magic    | 1 2 3 4 5 |  5.1
Poison Magic   | 1 2 3 4 5 |  5.1
Dodging        | 3 4 5 6 |  6.7
Invocations    | 5 6 7 8 |  8.3
Axes           | 5 6 7 |  7.8
Armour         | 5 6 7 |  7.8
Fighting       | 7 8 9 |  9.1

Action                   |  1- 3 |  4- 6 |  7- 9 | 10-12 || total
-------------------------+-------+-------+-------+-------++-------
Melee: Hand axe          |    99 |   157 |       |       ||   256
       Bite              |     7 |    15 |    41 |    43 ||   106
       Punch             |       |     2 |     1 |     5 ||     8
       War axe           |       |    41 |   318 |   242 ||   601
Invok: Depart the Abyss  |     1 |       |       |       ||     1
       Banish            |       |       |     1 |     4 ||     5
  Use: Scroll            |     1 |    10 |    11 |     5 ||    27
       Potion            |       |       |     1 |     2 ||     3
Armor: Chain mail        |   118 |   130 |    99 |       ||   347
       Plate armour      |       |       |   211 |   250 ||   461
Dodge: Dodged            |    60 |   106 |   183 |   135 ||   484

Table legend: (Time is in decaauts)
 A = Elapsed time spent in this place.
 B = Non-inter-level travel time spent in this place.
 C = Inter-level travel time spent in this place.
 D = Time resting spent in this place.
 E = Time spent auto-exploring this place.
 F = Levels seen in this place.
 G = Mean time per level.
                   A        B        C        D        E       F      G
               +--------+--------+--------+--------+--------+-----+--------+
         Total |  11856 |  11623 |    233 |   3536 |   5742 |  14 |  846.9 |
       Dungeon |   8007 |   7786 |    221 |   1543 |   4470 |   9 |  889.7 |
          Lair |   3499 |   3487 |     12 |   1879 |   1128 |   2 | 1749.5 |
         Abyss |     68 |     68 |      0 |      0 |     36 |   2 |   34.0 |
         Sewer |    280 |    280 |      0 |    114 |    107 |   1 |  280.0 |
               +--------+--------+--------+--------+--------+-----+--------+

Top non-repeatable levels by time:
  Lair:1: 1897 daAuts
  Lair:2: 1602 daAuts
     D:4: 1268 daAuts
     D:8: 1199 daAuts
     D:6: 1165 daAuts
     D:2: 1104 daAuts
     D:7: 903 daAuts
     D:5: 863 daAuts
     D:1: 784 daAuts
     D:3: 716 daAuts
   Sewer: 280 daAuts
 Abyss:2: 35 daAuts
 Abyss:1: 33 daAuts
     D:9: 1 daAuts
